 Dungeon Crawl Stone Soup version 0.29.1-12-g30fa7ad0bf (webtiles) character file.

Game seed: 3694582520293689379

2127 RapScallion the Covered (level 9, -4/67 HPs)
             Began as a Human Fighter on Jan 16, 2023.
             Was a Believer of Uskayaw.
             Slain by an orc knight
             ... wielding a +0 glaive
              (22 damage)
             ... in a bailey.
             The game lasted 00:39:23 (7631 turns).

RapScallion the Covered (Human Fighter)             Turns: 7631, Time: 00:39:24

Health: -4/67      AC: 20    Str: 26    XL:     9   Next: 54%
Magic:  9/9        EV:  8    Int: 10    God:    Uskayaw [**....]
Gold:   366        SH:  5    Dex: 14    Spells: 8/8 levels left

rFire   . . .      SeeInvis .   s - +3 spear (venom)
rCold   + + .      Faith    .   c - +0 buckler
rNeg    + . .      Spirit   .   E - +0 plate armour
rPois   .          Reflect  .   l - +2 helmet
rElec   .          Harm     .   (no cloak)
rCorr   +          Rampage  .   D - +2 pair of gloves
Will    .....                   (no boots)
Stlth   ..........              (no amulet)
HPRegen 0.21/turn               k - ring "Kujeesh" {rC++ rCorr}
MPRegen 0.11/turn               t - ring of the Tempest {*Slow rN+ Str+6 Int+2}

@: mighty, hasted, very quick
A: no striking features
a: Renounce Religion, Stomp, Line Pass


You were in a bailey.
You worshipped Uskayaw.
Uskayaw was noncommittal.
You visited 2 branches of the dungeon, and saw 8 of its levels.
You also visited: Bailey.

You collected 366 gold pieces.

Inventory:

Hand Weapons
 r - a +2 dagger of speed
 s - a +3 spear of venom (weapon)
 y - a +0 vampiric rapier
 F - a +0 trident
Missiles
 v - 3 poisoned darts (quivered)
Armour
 c - a +0 buckler (worn)
 f - a +2 scale mail of cold resistance
 l - a +2 helmet (worn)
 D - a +2 pair of gloves (worn)
 E - a +0 plate armour (worn)
 G - a +0 crystal plate armour
Jewellery
 g - a ring of willpower
 k - the ring "Kujeesh" (left hand) {rC++ rCorr}
   (You found it on level 2 of the Dungeon)

   [ring of resist corrosion]

   rC:        It greatly protects you from cold.
   rCorr:     It protects you from acid and corrosion.
 n - a ring of fire
 p - a ring of protection from cold
 t - the ring of the Tempest (right hand) {*Slow rN+ Str+6 Int+2}
   (You found it on level 7 of the Dungeon)

   [ring of strength]

   Str:       It affects your strength (+6).
   Int:       It affects your intelligence (+2).
   rN:        It protects you from negative energy.
   *Slow:     It may slow you when you take damage.
 w - a ring of protection from fire
 z - a ring of positive energy
Wands
 u - a wand of paralysis (20)
Scrolls
 d - 2 scrolls of amnesia
 h - a scroll of blinking
 x - a scroll of magic mapping
Potions
 a - 3 potions of might
 b - a potion of resistance
 e - 5 potions of curing
 i - a potion of mutation
 j - a potion of ambrosia {unknown}
 m - a potion of flight
 o - 2 potions of heal wounds
 q - a potion of brilliance {unknown}
 B - 4 potions of haste
 H - 4 potions of magic
 I - a potion of experience


   Skills:
 + Level 4.9 Fighting
 + Level 3.4 Long Blades
 + Level 6.2 Polearms
 + Level 7.4 Armour
 - Level 3.1 Dodging
 - Level 1.7 Stealth
 + Level 5.1 Shields


You had 8 spell levels left.
You didn't know any spells.
Your spell library contained the following spells:

 Spells                   Type           Power      Damage    Failure   Level
 Magic Dart               Conj           0%         1d3       99%         1
 Poisonous Vapours        Pois/Air       0%         N/A       100%        2
 Searing Ray              Conj           0%         2d4       100%        2
 Sublimation of Blood     Necr           0%         N/A       100%        2
 Corpse Rot               Necr/Pois/Air  0%         N/A       100%        4
 Fulminant Prism          Conj/Hex       0%         3d6       100%        4
 Olgreb's Toxic Radiance  Pois           0%         N/A       100%        4
 Petrify                  Tmut/Erth      0%         N/A       100%        4
 Irradiate                Conj/Tmut      0%         3d11      100%        5
 Ozocubu's Refrigeration  Ice            0%         4d7       100%        7
 Ignition                 Fire           0%         3d3       100%        8


Dungeon Overview and Level Annotations

Branches:
Dungeon (7/15)             Temple (1/1) D:6          Bailey (1/1)

Altars:
Ashenzari
Cheibriados
Dithmenos
Elyvilon
Fedhas
Gozag
Hepliaklqana
Kikubaaqudgha
Makhleb
Qazlal
Ru
Trog
Uskayaw
Vehumet
Xom
Yredelemnul
Zin
The Shining One

Shops:
D:3 !

Annotations:
D:7 1 runed translucent door


Message History

The orc knight looks as sick as possible!
The orc knight is moderately wounded.
The orc knight no longer looks unusually strong.
You block the orc knight's attack.
You hit the orc knight.
The orc knight looks as sick as possible!
The orc knight is moderately wounded.
You hit the orc knight but do no damage.
The orc knight looks as sick as possible!
The orc knight is moderately wounded.
The orc knight no longer looks unusually strong.
The orc knight hits you with a +0 glaive!
* * * LOW HITPOINT WARNING * * *
You closely miss the orc knight.
The orc knight is moderately wounded.
You hit the orc knight.
The orc knight looks as sick as possible!
The orc knight is moderately wounded.
The orc knight hits you but does no damage.
You can now pass through a line of other dancers.
You hit the orc knight.
The orc knight looks as sick as possible!
The orc knight is heavily wounded.
You closely miss the orc knight.
The orc knight is heavily wounded.
The orc knight hits you with a +0 glaive!
* * * LOW HITPOINT WARNING * * *
You hit the orc knight.
The orc knight is heavily wounded.
The orc knight barely misses you.
You feel much better.
You barely miss the orc knight.
The orc knight is heavily wounded.
The orc knight hits you with a +0 glaive!
* * * LOW HITPOINT WARNING * * *
You hit the orc knight.
The orc knight looks as sick as possible!
The orc knight is severely wounded.
The orc knight hits you with a +0 glaive!!
You die...

#..#.#..#
#.##8##.#
#..#.#..#
#.......#
#.......#
#.......#
##.....##
###'###
#@..#
#o..#
#.).#
#)))#
###)###
##.))).##
#.......#
#..#8#..#
#..#.#..#


You could see an orc knight (strong, extremely poisoned).

Vanquished Creatures
  A shadow (D:5)
  A water moccasin (D:7)
  A sky beast (D:6)
  3 orc warriors (Bailey)
  2 ice beasts (D:6)
  An ogre (D:7)
  A phantom (D:6)
  A bullfrog (D:7)
  4 scorpions
  6 killer bees (D:6)
  A crimson imp (D:4)
  2 hounds
  2 jellies
  5 orc wizards
  3 iguanas
  Robin (D:2)
  10 adders
  3 ufetubi
  4 worms
  2 dart slugs
  39 orcs
  8 ball pythons
  6 endoplasms
  10 goblins
  4 hobgoblins
  5 jackals
  4 quokkas
  5 bats
  5 frilled lizards
  10 kobolds
  A kobold skeleton (D:7)
  4 rats
155 creatures vanquished.

Notes
Turn   | Place    | Note
-------+----------+-------------------------------------------
     0 | D:1      | RapScallion the Human Fighter began the quest for the Orb.
     0 | D:1      | Reached XP level 1. HP: 18/18 MP: 1/1
   126 | D:1      | Reached XP level 2. HP: 17/24 MP: 2/2
   444 | D:1      | Reached XP level 3. HP: 27/29 MP: 3/3
   491 | D:1      | Found a faded altar of an unknown god.
  1078 | D:2      | Reached XP level 4. HP: 34/35 MP: 4/4
  1171 | D:2      | Identified the ring "Kujeesh" {rC++ rCorr}
  1185 | D:2      | Noticed Robin
  1201 | D:2      | Killed Robin
  1956 | D:3      | Found Ucoithunoh's Distillery.
  2127 | D:3      | Found an opulent altar of Gozag.
  2436 | D:3      | Reached XP level 5. HP: 41/41 MP: 5/5
  2924 | D:4      | Found a radiant altar of Vehumet.
  2966 | D:4      | Reached skill level 4 in Armour
  3167 | D:4      | Found a glowing silver altar of Zin.
  3208 | D:4      | Reached skill level 1 in Polearms
  3208 | D:4      | Reached XP level 6. HP: 48/48 MP: 6/6
  3288 | D:4      | Found an ancient bone altar of Kikubaaqudgha.
  3377 | D:4      | Found a blossoming altar of Fedhas.
  3850 | D:4      | Found a shimmering altar of Xom.
  3850 | D:4      | Found a burning altar of Makhleb.
  3957 | D:4      | Reached XP level 7. HP: 45/53 MP: 7/7
  4136 | D:5      | Entered Level 5 of the Dungeon
  4391 | D:5      | Reached skill level 1 in Dodging
  4710 | D:5      | Reached skill level 5 in Armour
  4950 | D:5      | Noticed a shadow
  5012 | D:5      | Killed a shadow
  5013 | D:5      | Reached skill level 1 in Stealth
  5013 | D:5      | Reached XP level 8. HP: 53/60 MP: 8/8
  5545 | D:6      | Reached skill level 6 in Armour
  5994 | D:6      | Found a staircase to the Ecumenical Temple.
  6034 | Temple   | Entered the Ecumenical Temple
  6051 | Temple   | Became a worshipper of Uskayaw the Reveller
  6142 | D:6      | Reached * piety under Uskayaw
  6209 | D:6      | Found a broken altar of Ashenzari.
  6216 | D:6      | Reached ** piety under Uskayaw
  6240 | D:6      | Reached *** piety under Uskayaw
  6588 | D:6      | Reached skill level 5 in Polearms
  6588 | D:6      | Reached XP level 9. HP: 48/66 MP: 9/9
  6826 | D:6      | Found a glowing golden altar of the Shining One.
  6867 | D:6      | Reached skill level 7 in Armour
  7044 | D:7      | Reached skill level 5 in Shields
  7073 | D:7      | Found a runed translucent door.
  7078 | D:7      | Found a basalt altar of Yredelemnul.
  7099 | D:7      | Identified the ring of the Tempest {*Slow rN+ Str+6 Int+2}
  7166 | D:7      | Noticed a two-headed ogre
  7174 | D:7      | Found a flagged portal.
  7184 | Bailey   | Entered a bailey
  7566 | Bailey   | Noticed an orc knight
  7567 | Bailey   | Noticed an orc knight
  7567 | Bailey   | Noticed an orc knight
  7631 | Bailey   | Slain by an orc knight

Illustrated notes

Levels and vault maps discovered:
D:1:      minmay_arrival_five_plusses, layout_rooms, basic_ecumenical_altar
D:2:      layout_loops_ring, st_stairs_5, uniq_robin
D:3:      layout_loops_cross, grunt_gozag_breadcrumbs, serial_shops, shop,
          serial_bayou_pond_c, chequers_mini_garden, nrook_mini_backslash,
          st_stairs_13
D:4:      cheibrodos_helix_gallery, layout_basic,
          grunt_temple_overflow_champion_of_chaos,
          nicolae_overflow_hidden_temple, fiery_altar_vehumet,
          mainiacjoe_overflow_alcove_4, marbit_many_paths
D:5:      layout_rooms
D:6:      layout_loops_ring, overflow_temple_1_default,
          nicolae_tso_swordbearing_angel, minmay_temple_entry_slanted
D:7:      layout_basic, dk_yredelemnul_ordeal, enter_bailey_2, dk_vineyard_3
Temple:   hellmonk_temple_two_chambers
Bailey:   bailey_polearm_5, bailey

Skill      XL: |  1  2  3  4  5  6  7  8  9 |
---------------+----------------------------+-----
Long Blades    | 3 |  3.4
Armour         | 4 5 6 7 |  7.4
Polearms       | 1 2 3 5 6 |  6.2
Shields        | 4 5 |  5.1
Dodging        | 2 3 |  3.1
Fighting       | 4 |  4.9
Stealth        | 1 |  1.7

Action                   |  1- 3 |  4- 6 |  7- 9 || total
-------------------------+-------+-------+-------++-------
Melee: Long sword        |   107 |    59 |       ||   166
       Spear             |       |   134 |   277 ||   411
  Use: Scroll            |       |     9 |    10 ||    19
       Potion            |       |     1 |     5 ||     6
 Stab: Paralysed         |       |       |     2 ||     2
Armor: Scale mail        |    73 |    97 |   102 ||   272
       Plate armour      |       |       |     2 ||     2
Dodge: Dodged            |    52 |    82 |   102 ||   236
Block: Buckler           |    30 |    45 |    66 ||   141
